 Dungeon Crawl Stone Soup version 0.15-a0-1646-g393eda0 (webtiles) character file.

63291 Kenran the Black Belt (level 15, -1/96 HPs)
             Began as a Tengu Monk on June 21, 2014.
             Was the Champion of Okawaru.
             Incinerated by Asterion (7 damage)
             ... with a sticky flame
             ... on Level 5 of the Lair of Beasts on June 22, 2014.
             The game lasted 02:21:54 (35084 turns).

Kenran the Black Belt (Tengu Monk)                 Turns: 35084, Time: 02:21:54

HP  -1/96        AC 10     Str 12      XL: 15   Next:  9%
MP  19/19        EV 35     Int 11      God: Okawaru [******]
Gold 2019        SH  0     Dex 32      Spells:  0 memorised, 14 levels left

rFire  . . .     SeeInvis .       - Unarmed
rCold  . . .     Clarity  .     P - +3 leather armour
rNeg   . . .     rCorr    .     (no shield)
rPois  +         rRot     .     A - +0 hat
rElec  .         Spirit   .     K - +0 cloak {rPois}
SustAb .         Warding  .     t - +0 pair of gloves
rMut   .         Stasis   .     (boots unavailable)
Gourm  .                        (no amulet)
MR     +....                    u - +4 ring of dexterity
                                o - +6 ring of dexterity

@: liquid flames, flying quickly and evasively, glowing, quick, somewhat
resistant to hostile enchantments, very unstealthy
A: able to fly continuously, beak, talons 3, slimy green scales 1
a: Stop Flying, Heroism, Finesse, Renounce Religion


You were on level 5 of the Lair of Beasts.
You worshipped Okawaru.
Okawaru was exalted by your worship.
You were not hungry.

You visited 5 branches of the dungeon, and saw 28 of its levels.
You also visited: Ossuary.

You collected 2239 gold pieces.
You spent 220 gold pieces at shops.

Inventory:

Armour
 m - a +1 cloak
 s - a +2 robe of cold resistance
 t - a +0 pair of gloves (worn)
 A - a +0 hat (worn)
 K - a +0 cloak of poison resistance (worn)
 P - a +3 leather armour (worn)
Comestibles
 b - 10 bread rations
 n - 6 fruits
 N - a meat ration
Scrolls
 c - 3 scrolls of identify
 j - 3 scrolls of fear
 k - 3 scrolls of remove curse
 x - 3 scrolls of fog
 y - 4 scrolls of teleportation
 F - a scroll of recharging
 G - a scroll of magic mapping
 H - 4 scrolls of blinking
 O - a scroll of silence
Jewellery
 o - a +6 ring of dexterity (left hand)
 u - a +4 ring of dexterity (right hand)
 C - an uncursed ring of poison resistance
 J - an uncursed ring of protection from fire
Potions
 d - 2 potions of brilliance
 e - 3 potions of invisibility
 g - a potion of agility
 l - 3 potions of curing
 p - 6 potions of restore abilities
 r - 2 potions of haste
 B - a potion of berserk rage
 E - a potion of might


   Skills:
 - Level 12.0 Fighting
 * Level 14.0 Dodging
 - Level 2.0 Stealth
 - Level 20.1 Unarmed Combat


You had 14 spell levels left.
You didn't know any spells.

Dungeon Overview and Level Annotations

Branches:
Dungeon (15/15)            Temple (1/1) D:7             Orc (3/4) D:11
   Lair (8/8) D:10          Swamp (0/5) Lair:6        Snake (1/5) Lair:5
  Slime (0/6) Lair:8       Vaults (0/5) D:13
    Elf: Orc:3-4     Depths: D:15

Altars:
Ashenzari
Cheibriados
Dithmenos
Elyvilon
Fedhas
Gozag
Kikubaaqudgha
Makhleb
Nemelex Xobeh
Okawaru
Qazlal
Sif Muna
Trog
Vehumet
Xom
Yredelemnul
Zin
The Shining One
Beogh

Shops:
D:6 :*   D:8 =   D:12 %

Annotations:
Lair:5 Asterion


Innate Abilities, Weirdness & Mutations

You can fly continuously.
You have a beak for a mouth.
You have claws for feet.
You are partially covered in slimy green scales (AC +2).


Message History

You are covered in liquid flames!
Asterion hits you with a runed demon blade.
Asterion misses you. The spectral weapon hits you!
You writhe in agony.
Drink which item? (? for menu, Esc to quit)
You feel much better.
You are covered in liquid flames!
Asterion completely misses you. x2
The spectral weapon barely misses you. Asterion barely misses you.
Asterion gores you.
Drink which item? (? for menu, Esc to quit)
You feel better.
You are covered in liquid flames!
The spectral weapon hits you.
You writhe in agony.
Asterion conjures a destructive force in the name of Makhleb!
The iron shot hits you!
* * * LOW HITPOINT WARNING * * *
You are covered in liquid flames!
* * * LOW HITPOINT WARNING * * *
You are covered in liquid flames!
You die...

.#.....#....)..#................#
.....#.#......#.........#.#.....#
.......#...####...###....##....#.
...#...#...##.......#.......PP..#
..##.#......#.......#.....##P....
..P##..........).........P.......
...####P........H(...............
....# #....).................#.#.
....###.....#...@...#........##..
.#..........#.......#...[#..###..
..#.........###...#####....####.#
.##.##.....#........###....###.##
.######..##....#.....#.#.......#
..# ##...###...##..............##
### #.######..#.##..............#
### #.#..#####........#....
###..# ##.......#..#..


You could see Asterion and a spectral demon blade of pain.

Vanquished Creatures
  Gastronok (Orc:2)
  2 ice dragons
  5 hydras
  Fannar (Orc:3)
  Harold (Orc:3)
  9 death yaks
  A giant orange brain (D:12)
  A shadow wraith (D:13)
  An unseen horror (D:11)
  5 hill giants
  2 lindwurms (Lair:8)
  Pikel (D:7)
  An orc knight (D:11)
  5 cyclopes
  3 black mambas
  A manticore (D:14)
  An item mimic (Orc:3)
  5 elephants
  A feature mimic (D:12)
  A gargoyle (D:11)
  A torpor snail (Lair:7)
  7 spiny frogs
  8 fire drakes
  4 komodo dragons
  4 trolls
  2 polar bears
  6 giant leeches
  A boulder beetle (Lair:5)
  The ghost of bmfx the Sneak, an average DsWr of Dithmenos (D:6)
  A baby alligator (shapeshifter) (D:13)
  3 slime creatures (Lair:8)
  A two-headed ogre (D:10)
  14 blink frogs
  A wyvern (D:13)
  6 deep elf magi
  A water elemental (D:14)
  2 spriggans
  A hill giant zombie (D:13)
  A shark (D:14)
  2 wraiths
  Eustachio (D:7)
  46 yaks
  2 hungry ghosts
  3 shadows
  4 vampire mosquitoes (D:14)
  3 ugly things (D:13)
  A mottled dragon (D:13)
  7 hippogriffs
  A warg (Orc:1)
  2 nagas (Lair:5)
  A slave (D:7)
  A tengu skeleton (D:14)
  11 porcupines
  12 water moccasins
  6 wolves (Lair:3)
  13 orc warriors
  2 black bears
  4 sky beasts
  8 ice beasts
  A yellow wasp (D:11)
  7 centaurs
  8 ogres
  5 phantoms
  A necrophage (D:8)
  A boring beetle (Lair:7)
  A lava worm (D:13)
  A big kobold (D:13)
  18 crocodiles
  A gnoll sergeant (D:8)
  Blork the orc (D:4)
  11 giant frogs
  7 brain worms
  2 eyes of draining
  A yak zombie (D:6)
  5 scorpions
  A water moccasin zombie (Ossuary)
  11 killer bees
  3 crimson imps
  A goliath beetle (D:7)
  A centaur skeleton (D:5)
  11 hounds
  5 jellies
  17 orc priests
  A quasit (D:7)
  14 orc wizards
  2 gnoll shamans
  A two-headed ogre skeleton (D:7)
  5 orange rats
  14 iguanas
  11 worker ants
  24 sheep
  A mottled dragon zombie (D:13)
  A crocodile zombie (D:9)
  The ghost of Mutation the Chopper, a weakling MiGl (D:3)
  A hound skeleton (D:4)
  A crocodile skeleton (D:6)
  2 mummies (Ossuary)
  30 adders
  18 gnolls
  35 green rats
  An orc skeleton (D:9)
  2 shadow imps
  A white imp (D:7)
  20 worms
  5 giant mites
  6 adder zombies (Ossuary)
  8 giant geckos
  3 oozes
  112 orcs
  6 giant cockroaches
  21 hobgoblins
  15 quokkas
  3 ball pythons
  13 bats
  8 giant newts
  A gnoll skeleton (D:5)
  5 gnoll zombies (Ossuary)
  11 goblins
  4 hobgoblin zombies (Ossuary)
  6 jackals
  19 kobolds
  A kobold skeleton (D:7)
  5 kobold zombies
  5 orc zombies
  10 rats
  A bush (Lair:6)
  A butterfly (Lair:4)
  14 fungi
  12 plants
845 creatures vanquished.

Vanquished Creatures (others)
  A cyclops (D:13)
  A slave (D:8)
  A basilisk skeleton (D:13)
  A bush (Lair:6)
  4 fungi
  5 plants
13 creatures vanquished.

Grand Total: 858 creatures vanquished

Notes
Turn   | Place    | Note
--------------------------------------------------------------
     0 | D:1      | Kenran, the Tengu Monk, began the quest for the Orb.
     0 | D:1      | Reached XP level 1. HP: 14/14 MP: 1/1
   272 | D:1      | Reached XP level 2. HP: 14/19 MP: 3/3
   604 | D:1      | Reached skill level 5 in Unarmed Combat
   826 | D:1      | Reached XP level 3. HP: 23/23 MP: 4/4
  1448 | D:2      | Reached skill level 6 in Unarmed Combat
  1448 | D:2      | Reached XP level 4. HP: 19/28 MP: 5/5
  2202 | D:3      | Reached XP level 5. HP: 32/32 MP: 7/7
  2424 | D:3      | Noticed Mutation's ghost (weakling MiGl)
  2435 | D:3      | Killed Mutation's ghost
  2435 | D:3      | Reached skill level 7 in Unarmed Combat
  2575 | D:3      | Found a shadowy altar of Dithmenos.
  2581 | D:3      | Found a burning altar of Makhleb.
  2582 | D:3      | Found a snail-covered altar of Cheibriados.
  2867 | D:3      | Found an opulent altar of Gozag.
  3316 | D:4      | Reached XP level 6. HP: 24/37 MP: 8/8
  3726 | D:4      | Reached skill level 8 in Unarmed Combat
  3881 | D:4      | Noticed Blork the orc
  4311 | D:4      | Found a deep blue altar of Sif Muna.
  4466 | D:5      | Entered Level 5 of the Dungeon
  4535 | D:5      | Got a distressingly furry robe
  4536 | D:5      | Identified the cursed -1 robe of the Planets {Slay+3} (You found it on level 5 of the Dungeon)
  4568 | D:6      | Noticed bmfx's ghost (average DsWr)
  4569 | D:6      | Found a glowing golden altar of the Shining One.
  4569 | D:6      | Found Mneit's Hallowed Reliquary.
  4589 | D:6      | Reached XP level 7. HP: 38/41 MP: 9/9
  4619 | D:6      | Reached skill level 9 in Unarmed Combat
  4804 | D:6      | Noticed an angel
  5070 | D:5      | Found a bloodstained altar of Trog.
  5563 | D:5      | Reached skill level 10 in Unarmed Combat
  5617 | D:5      | Reached XP level 8. HP: 32/46 MP: 11/11
  5934 | D:6      | Reached skill level 11 in Unarmed Combat
  6571 | D:6      | Killed bmfx's ghost
  6571 | D:6      | Reached skill level 12 in Unarmed Combat
  6725 | D:6      | Found Shiazis' Book Shop.
  6790 | D:6      | Reached XP level 9. HP: 41/50 MP: 12/12
  7320 | D:6      | Found a white marble altar of Elyvilon.
  7320 | D:6      | Found a glowing silver altar of Zin.
  7320 | D:6      | Found a glowing golden altar of the Shining One.
  7478 | D:5      | Found a sparkling altar of Nemelex Xobeh.
  7636 | D:4      | Killed Blork the orc
  7793 | D:7      | Found a blossoming altar of Fedhas.
  7806 | D:7      | Reached skill level 13 in Unarmed Combat
  7873 | D:7      | Found a shattered altar of Ashenzari.
  8023 | D:7      | Noticed Eustachio
  8050 | D:7      | Killed Eustachio
  8351 | D:7      | Found a sand-covered staircase.
  8356 | Ossuary  | Entered an ossuary
  8953 | D:7      | Reached skill level 14 in Unarmed Combat
  9038 | D:7      | Found a staircase to the Ecumenical Temple.
  9072 | Temple   | Entered the Ecumenical Temple
  9117 | Temple   | Became a worshipper of Warmaster Okawaru
  9117 | Temple   | Acquired Okawaru's first power
  9325 | D:7      | Found a radiant altar of Vehumet.
 10090 | D:7      | Reached XP level 10. HP: 56/56 MP: 13/13
 10133 | D:8      | Noticed Pikel
 10333 | D:7      | Killed Pikel
 10333 | D:7      | Reached skill level 15 in Unarmed Combat
 11185 | D:8      | Found Taleewi's Jewellery Shop.
 11209 | D:8      | Bought an uncursed ring of poison resistance for 220 gold pieces
 11334 | D:8      | Reached skill level 5 in Fighting
 11865 | D:9      | Found a basalt altar of Yredelemnul.
 12889 | D:10     | Entered Level 10 of the Dungeon
 13355 | D:10     | Reached XP level 11. HP: 69/69 MP: 15/15
 13363 | D:10     | Acquired Okawaru's second power
 13610 | D:10     | Found a staircase to the Lair.
 13987 | Lair:1   | Entered Level 1 of the Lair of Beasts
 14475 | Lair:1   | Found a blossoming altar of Fedhas.
 14645 | Lair:1   | Reached skill level 10 in Fighting
 14657 | Lair:1   | Received a gift from Okawaru
 14898 | Lair:1   | HP: 1/73 [yak (12)]
 15616 | Lair:1   | Reached skill level 5 in Dodging
 17141 | Lair:2   | Received a gift from Okawaru
 17144 | Lair:2   | Got a shimmering hat {god gift}
 17145 | Lair:2   | Identified the -6 hat of the Forsaken Wars {rF+ Slay-4} (Okawaru gifted it to you on level 2 of the Lair of Beasts)
 17827 | Lair:3   | Reached XP level 12. HP: 71/80 MP: 12/16
 18741 | Lair:4   | Reached skill level 10 in Dodging
 19620 | Lair:4   | Paralysed by a potion of paralysis for 2 turns
 19805 | Lair:4   | Gained mutation: You have a fast metabolism. [potion of mutation]
 19805 | Lair:4   | Gained mutation: You are partially covered in icy blue scales (AC +1). [potion of mutation]
 19805 | Lair:4   | Gained mutation: You occasionally shout uncontrollably at your foes. [potion of mutation]
 19806 | Lair:4   | Lost mutation: You occasionally shout uncontrollably at your foes. [potion of mutation]
 19806 | Lair:4   | Gained mutation: Your mind is acute. (Int +2) [potion of mutation]
 19807 | Lair:4   | Gained mutation: Your spells are a little harder to cast, but a little more powerful. [potion of mutation]
 19807 | Lair:4   | Gained mutation: You are partially covered in slimy green scales (AC +2). [potion of mutation]
 19808 | Lair:4   | Lost mutation: You have a fast metabolism. [potion of cure mutation]
 19808 | Lair:4   | Lost mutation: Your spells are a little harder to cast, but a little more powerful. [potion of cure mutation]
 19808 | Lair:4   | Lost mutation: Your mind is acute. (Int +2) [potion of cure mutation]
 19808 | Lair:4   | Lost mutation: You are partially covered in icy blue scales (AC +1). [potion of cure mutation]
 20117 | Lair:5   | Found a staircase to the Snake Pit.
 20680 | Lair:5   | Reached skill level 16 in Unarmed Combat
 21035 | Lair:5   | Noticed a five-headed hydra
 21045 | Lair:5   | Killed a five-headed hydra
 21775 | Lair:6   | Reached skill level 17 in Unarmed Combat
 22026 | Lair:6   | Noticed an eight-headed hydra
 22284 | Lair:1   | Reached XP level 13. HP: 67/84 MP: 17/17
 23293 | D:11     | Found a roughly hewn altar of Beogh.
 23297 | D:11     | Found a staircase to the Orcish Mines.
 23720 | D:11     | Reached skill level 18 in Unarmed Combat
 23858 | D:11     | Received a gift from Okawaru
 24583 | D:12     | Found Woziclyi's Food Boutique.
 25259 | Orc:1    | Entered Level 1 of the Orcish Mines
 25636 | Orc:3    | Found a roughly hewn altar of Beogh.
 25644 | Orc:3    | Noticed Fannar
 25924 | Orc:3    | Killed Fannar
 25946 | Orc:3    | Noticed Harold
 25961 | Orc:3    | Killed Harold
 25961 | Orc:3    | Reached skill level 19 in Unarmed Combat
 26588 | Orc:2    | Found an iron altar of Okawaru.
 26676 | Orc:2    | Found a glowing silver altar of Zin.
 26964 | Orc:1    | Noticed Gastronok
 26974 | Orc:2    | Killed Gastronok
 27712 | D:13     | Received a gift from Okawaru
 27713 | D:13     | Got a crude plate armour {god gift}
 27856 | D:13     | Reached XP level 14. HP: 52/90 MP: 14/18
 27867 | D:13     | Reached skill level 20 in Unarmed Combat
 28052 | D:13     | Found a gate to the Vaults.
 29592 | D:15     | Entered Level 15 of the Dungeon
 29603 | D:14     | Upgraded the game from 0.15-a0-1632-gd490d05 to 0.15-a0-1646-g393eda0
 30064 | Lair:6   | Killed an eight-headed hydra
 30366 | Lair:6   | Found a staircase to the Swamp.
 32714 | Lair:7   | Received a gift from Okawaru
 32843 | Lair:8   | Entered Level 8 of the Lair of Beasts
 34093 | Lair:8   | Received a gift from Okawaru
 34212 | Lair:8   | Found a staircase to the Slime Pits.
 34596 | Lair:8   | Reached XP level 15. HP: 92/96 MP: 19/19
 34867 | Lair:3   | Noticed a six-headed hydra
 34874 | Lair:3   | Killed a six-headed hydra
 35030 | Snake:1  | Entered Level 1 of the Snake Pit
 35040 | Snake:1  | Noticed Asterion
 35059 | Snake:1  | Noticed a spectral weapon
 35077 | Lair:5   | Noticed a spectral weapon
 35084 | Lair:5   | Incinerated by Asterion

Action                   |  1- 3 |  4- 6 |  7- 9 | 10-12 | 13-15 || total
-------------------------+-------+-------+-------+-------+-------++-------
Melee: Unarmed           |    62 |   162 |   378 |   723 |  1075 ||  2400
 Abil: Fly               |       |       |     8 |    20 |    13 ||    41
  Use: Scroll            |     5 |     6 |     6 |    11 |    11 ||    39
       Potion            |       |       |     8 |    14 |     7 ||    29
 Stab: Sleeping          |     1 |     5 |    10 |     7 |     7 ||    30
       Distracted        |       |       |       |     4 |     3 ||     7
       Fleeing           |       |       |       |     1 |       ||     1
